 Dungeon Crawl Stone Soup version 0.31-a0-1522-g43313d8a59 (webtiles) character file.

Game seed: 9049900909650487044

149 Picsou the Shield-Bearer (level 5, 47/47 HPs)
             Began as a Minotaur Fighter on Dec 30, 2023.
             Quit the game on level 2 of the Dungeon.
             The game lasted 00:03:50 (1773 turns).

Picsou the Shield-Bearer (Minotaur Fighter)         Turns: 1773, Time: 00:03:51

Health: 47/47      AC: 10    Str: 22    XL:     5   Next: 9%
Magic:  4/4        EV:  8    Int:  5    God:
Gold:   70         SH:  4    Dex: 10    Spells: 4/4 levels left

rFire   . . .        h - +0 hand axe (flame)
rCold   . . .        c - +0 buckler
rNeg    . . .        g - +0 chain mail
rPois   .            (helmet restricted)
rElec   .            (no cloak)
rCorr   .            l - +0 pair of gloves
SInv    .            (no boots)
Will    .....        (no amulet) Stlth
                     (no ring)
HPRegen 0.27/turn    (no ring)
MPRegen 0.09/turn

%: no passive effects
@: no status effects
A: horns 2, retaliatory headbutt
a: no special abilities


You were on level 2 of the Dungeon.
You visited 1 branch of the dungeon, and saw 2 of its levels.

You collected 70 gold pieces.

Inventory:

Hand Weapons
 a - a +0 war axe
 h - a +0 hand axe of flaming (weapon)
Armour
 b - a +0 scale mail
 c - a +0 buckler (worn)
 g - a +0 chain mail (worn)
 l - a +0 pair of gloves (worn)
Scrolls
 i - a scroll of poison
Potions
 d - a potion of might
 f - 2 potions of degeneration {unknown}
 k - a potion of heal wounds {unknown}
 m - a potion of mutation {unknown}


   Skills:
 + Level 4.8 Fighting
 + Level 3.5 Axes
 + Level 4.6 Armour
 + Level 0.1 Dodging
 + Level 4.8 Shields


You had 4 spell levels left.
You didn't know any spells.
Your spell library contained the following spells:

 Spells                   Type           Power      Damage    Failure   Level
 Stone Arrow              Conj/Erth      0%         3d7       100%        3
 Volatile Blastmotes      Fire/Tloc      0%         2d10      100%        3
 Animate Armour           Summ/Erth      0%         N/A       100%        4
 Fulminant Prism          Conj/Alch      0%         3d5       100%        4
 Iskenderun's Mystic Bla  Conj/Tloc      0%         2d3       100%        4
 Conjure Ball Lightning   Conj/Air       0%         3x3d6     100%        6
 Discord                  Hex            0%         N/A       100%        8
 Disjunction              Tloc           0%         N/A       100%        8
 Lehudib's Crystal Spear  Conj/Erth      0%         10d2      100%        8


Dungeon Overview and Level Annotations

Branches:
Dungeon (2/15)

Altars:


Innate Abilities, Weirdness & Mutations

You have a pair of horns on your head.
You reflexively headbutt those who attack you in melee.


Message History

You barely miss the adder.
The adder bites you but does no damage. x2
You closely miss the adder. You headbutt the adder.
The adder is heavily wounded.
The adder bites you but does no damage. You block the adder's attack.
You barely miss the adder.
The adder is heavily wounded.
You block the adder's attack.
You hit the adder. You burn the adder. Your headbutt misses the adder.
The adder is almost dead.
The adder barely misses you. You block the adder's attack.
You closely miss the adder.
The adder is almost dead.
The adder bites you but does no damage.
You slash the adder! You burn the adder.
You kill the adder!
Things that are here:
a +0 club; 5 stones A ball python comes into view.
The ball python hisses angrily.
You hit the ball python. You burn the ball python.
You kill the ball python!
You see here a ball python corpse.
You see here a ball python corpse.
You see here a ball python corpse.
Things that are here:
a +0 whip; a +0 halberd You see here a +0 spear.
There is a stone staircase leading down here.
You see here a rat skeleton.
You see here a +0 dagger.
There is a stone staircase leading down here.
Done exploring.
Done exploring.
As you read the scroll labelled WICLAR GELL, it crumbles to dust.
It is a scroll of identify.
i - a scroll of poison
As you read the scroll labelled ETTOSS GAZE, it crumbles to dust.
The air around you briefly surges with heat, but it dissipates.
It was a scroll of immolation.
Are you sure you want to abandon this character and quit the game? (Confirm with "yes".)

#.........####.###...###..(.
#.#####.#.# #..##...###....
#.# #.#.# ##.............
#.# #.#.# ####.....#....
#.#####.#.# ###...#....
#.......#.# #####...#####
#######.#.# #....####
#.#.######....# ####
#.#..@........# #...
#...#######.### #...
#.#.......#.## #...
#.#..####)...######...
#.##..###............†
#.##....#.....######.#
#.##.##..<....# #.#
#.##.###.##+#.# #.#
#.##.#......#.# #..


There were no monsters in sight!

Vanquished Creatures
  Robin (D:2)
  3 gnolls (D:2)
  5 adders (D:2)
  2 dart slugs
  A ribbon worm (D:2)
  An orc (D:2)
  3 ball pythons
  4 endoplasms
  3 giant cockroaches
  11 goblins
  6 hobgoblins (D:2)
  A jackal (D:2)
  3 quokkas
  4 bats
  A frilled lizard (D:2)
  4 kobolds
  7 rats
60 creatures vanquished.

Notes
Turn   | Place    | Note
-------+----------+-------------------------------------------
     0 | D:1      | Picsou the Minotaur Fighter began the quest for the Orb.
     0 | D:1      | Reached XP level 1. HP: 19/19 MP: 0/0
   236 | D:1      | Reached XP level 2. HP: 25/27 MP: 1/1
   753 | D:2      | Reached XP level 3. HP: 31/33 MP: 2/2
   945 | D:2      | Noticed Robin
   950 | D:2      | Reached XP level 4. HP: 38/41 MP: 3/3
   959 | D:2      | Killed Robin
  1327 | D:2      | Reached XP level 5. HP: 34/47 MP: 4/4
  1773 | D:2      | Quit the game

Illustrated notes

Levels and vault maps discovered:
D:1:      giann_forest_graveyard, layout_basic
D:2:      layout_basic, minmay_heptomino_w4, uniq_robin

Skill      XL: |  1  2  3 |
---------------+----------+-----
Fighting       | 4 |  4.8
Armour         | 4 |  4.6
Shields        | 4 |  4.8
Axes           | 3 |  3.5
Dodging        | |  0.1

Action                     |  1- 3 |  4- 6 || total
---------------------------+-------+-------++-------
  Melee: War axe           |    25 |       ||    25
         Hand axe          |    41 |    50 ||    91
         Headbutt          |    10 |    12 ||    22
    Use: Potion            |       |     1 ||     1
         Scroll            |       |     2 ||     2
 Armour: Chain mail        |    45 |    53 ||    98
         Scale mail        |     5 |       ||     5
  Dodge: Dodged            |    34 |    19 ||    53
  Block: Buckler           |    13 |    22 ||    35

Table legend: (Time is in decaauts)
 A = Elapsed time spent in this place.
 B = Non-inter-level travel time spent in this place.
 C = Inter-level travel time spent in this place.
 D = Time resting spent in this place.
 E = Time spent auto-exploring this place.
 F = Levels seen in this place.
 G = Mean time per level.
                   A        B        C        D        E       F      G
               +--------+--------+--------+--------+--------+-----+--------+
         Total |   1797 |   1724 |     73 |      0 |   1276 |   2 |  898.5 |
       Dungeon |   1797 |   1724 |     73 |      0 |   1276 |   2 |  898.5 |
               +--------+--------+--------+--------+--------+-----+--------+

Top non-repeatable levels by time:
     D:2: 1097 daAuts
     D:1: 700 daAuts
